 Dungeon Crawl Stone Soup version 0.14-a0-3278-gb24e923 (webtiles) character file.

500 Froboctopus the Ruffian (level 6, -1/52 (53) HPs)
             Began as a Ghoul Monk on Mar 13, 2014.
             Was a Believer of Kikubaaqudgha.
             Slain by an orc wizard
             ... wielding a +0,+0 flail
              (3 damage)
             ... on Level 4 of the Dungeon.
             The game lasted 00:10:45 (3260 turns).

Froboctopus the Ruffian (Ghoul Monk)                Turns: 3260, Time: 00:10:46

HP  -1/52 (53)   AC  3     Str 17      XL: 6   Next: 32%
MP   5/5         EV 13     Int  5      God: Kikubaaqudgha [**....]
Gold 209         SH  0     Dex 11      Spells:  0 memorised,  5 levels left

rFire  . . .     SeeInvis .       - Unarmed
rCold  + . .     Clarity  .     a - +0 robe
rNeg   + + +     Conserve .     (no shield)
rPois  +         rCorr    .     (no helmet)
rElec  .         rRot     +     (no cloak)
SustAb . .       Spirit   .     (no gloves)
rMut   .         Warding  .     t - +0 pair of boots
Saprov + + +     Stasis   .     (no amulet)
MR     .....                    (no ring)
                                (no ring)

@: rotting, not resistant to hostile enchantments, fairly stealthy
A: rotting body, claws 1, carnivore 3, cold resistance 1, life protection 3,
poison resistance, saprovore 3, slow healing 1, torment resistance, unbreathing
a: Receive Corpses, Renounce Religion


You were on level 4 of the Dungeon.
You worshipped Kikubaaqudgha.
Kikubaaqudgha was pleased with you.
You were not hungry.

You visited 2 branches of the dungeon, and saw 5 of its levels.

You collected 209 gold pieces.

Inventory:

Armour
 a - a +0 robe (worn)
 t - a +0 pair of boots (worn)
Comestibles
 h - a meat ration
Scrolls
 b - a scroll of recharging {unknown}
 d - 2 scrolls of enchant weapon I
 f - a scroll of enchant weapon II {unknown}
 g - 2 scrolls of identify
 i - 3 scrolls of immolation {unknown}
 j - a scroll of teleportation {unknown}
 k - 3 scrolls of remove curse
 n - 2 scrolls of random uselessness {unknown}
 o - 2 scrolls of magic mapping {unknown}
 p - a scroll of fog {unknown}
 q - a scroll of fear {unknown}
Potions
 e - 4 potions of curing
 l - a potion of agility {unknown}
 m - 3 potions of heal wounds
 s - 2 potions of might {unknown}
Books
 r - Kikubaaqudgha's Papyrus of Evil
   (Kikubaaqudgha gifted it to you in the Ecumenical Temple)

   Spells                             Type                      Level
   Animate Skeleton                   Necromancy                   1
   Lethal Infusion                    Charms/Necromancy            2
   Corpse Rot                         Necromancy                   2
   Vampiric Draining                  Necromancy                   3
   Control Undead                     Necromancy                   4


   Skills:
 + Level 4.3 Fighting
 * Level 4.5 Dodging
 - Level 2.1 Stealth
 * Level 6.1 Unarmed Combat


You had 5 spell levels left.
You didn't know any spells.

Dungeon Overview and Level Annotations

Branches:
Dungeon (4/15)             Temple (1/1) D:4

Altars:
Cheibriados
Dithmenos
Elyvilon
Kikubaaqudgha
Makhleb
Nemelex Xobeh
Okawaru
Sif Muna
Trog
Vehumet
Xom
Yredelemnul
Zin

Shops:
D:4 [*


Innate Abilities, Weirdness & Mutations

Your body is rotting away.
You have sharp fingernails.
You are carnivorous and can eat meat at any time.
Your flesh is cold resistant.
You are immune to negative energy.
Your system is resistant to poisons.
You thrive on rotten meat.
You heal slowly when monsters are visible.
You are immune to unholy pain and torment.
You can survive without breathing.


Message History

You are too injured to fight recklessly!
You hit the orc.
The orc begins to bleed from its wounds!
The orc is heavily wounded.
The orc completely misses you.
You hit the orc.
The orc is severely wounded.
The orc barely misses you.
Eat which item? (? for menu, Esc to quit)
Okay, then.
You barely miss the orc. You claw the orc.
You kill the orc!
Kikubaaqudgha accepts your kill.
You hit something but do no damage. You miss something.
Something drops a dagger.
Something picks up a flail.
You closely miss something. Something hits you!
* * * LOW HITPOINT WARNING * * *
You hit something. Something hits you.
You die...
Kikubaaqudgha rasps: "You have failed me!
Welcome... oblivion!"

.# #..<.# #.# ######.##.#
.###....# #.# #.........#
........# #.# #.........#
.###....# #.# #.....[..(#
.# #....# #.# #.........#
.# #....# #.# #.........#
.#
#....########.###.........#
..
..........................#
.#
#.###########@###.........#
.# #.# #)# ######.#### . .
.........# #.# #####...#
#.# #...# . ..... ##...#
#...# #...#


There were no monsters in sight!

Vanquished Creatures
  A scorpion (D:4)
  3 orc wizards
  A worker ant (D:4)
  A gnoll (D:1)
  2 adders
  An inept feature mimic (D:3)
  An inept item mimic (D:3)
  A worm (D:2)
  3 giant geckos
  11 orcs
  A ball python (D:3)
  8 bats
  4 giant cockroaches
  11 goblins
  7 hobgoblins
  11 jackals
  2 quokkas
  2 giant newts
  8 kobolds
  6 rats
85 creatures vanquished.

Notes
Turn   | Place    | Note
--------------------------------------------------------------
     0 | D:1      | Froboctopus, the Ghoul Monk, began the quest for the Orb.
     0 | D:1      | Reached XP level 1. HP: 19/19 MP: 1/1
   176 | D:1      | Reached XP level 2. HP: 8/25 MP: 2/2
   644 | D:1      | Reached XP level 3. HP: 30/30 MP: 3/3
   939 | D:2      | Found a deep blue altar of Sif Muna.
   983 | D:2      | Reached skill level 5 in Unarmed Combat
  1190 | D:2      | Reached XP level 4. HP: 29/38 MP: 3/3
  1991 | D:3      | Reached XP level 5. HP: 17/46 MP: 4/4
  2523 | D:4      | Found a staircase to the Ecumenical Temple.
  2533 | D:4      | Found Blaenkut's Assorted Antiques.
  2562 | Temple   | Entered the Ecumenical Temple
  2651 | Temple   | Became a worshipper of Kikubaaqudgha
  2651 | Temple   | Acquired Kikubaaqudgha's first power
  2651 | Temple   | Received a gift from Kikubaaqudgha
  2651 | Temple   | Acquired Kikubaaqudgha's second power
  2652 | Temple   | Identified Kikubaaqudgha's Papyrus of Evil (Kikubaaqudgha gifted it to you in the Ecumenical Temple)
  2743 | D:4      | Noticed an ogre
  2925 | D:4      | HP: 2/45 [ogre/giant club (30)]
  3007 | D:4      | Found Casaomip's Armour Emporium.
  3135 | D:4      | Reached skill level 6 in Unarmed Combat
  3135 | D:4      | Reached XP level 6. HP: 21/51 MP: 5/5
  3259 | D:4      | HP: 2/52 [something (10)]
  3260 | D:4      | Slain by an orc wizard

Action                   |  1- 3 |  4- 6 || total
-------------------------+-------+-------++-------
Melee: Unarmed           |   113 |   177 ||   290
  Use: Scroll            |       |     3 ||     3
       Potion            |       |     1 ||     1
 Stab: Sleeping          |       |     4 ||     4
